 Dungeon Crawl Stone Soup version 0.27.1-35-g4d5d836560 (console) character file.

Game seed: 6121001900569772044

93 grimtooth the Cudgeller (level 4, -1/39 HPs)
             Began as a Palentonga Abyssal Knight on June 9, 2022.
             Was a Believer of Lugonu.
             Killed from afar by Natasha (3 damage)
             ... with a magic dart
             ... on level 2 of the Dungeon.
             The game lasted 00:04:51 (1250 turns).

grimtooth the Cudgeller (Palentonga Abyssal Knight) Turns: 1250, Time: 00:04:51

Health: -1/39      AC:  7    Str: 16    XL:     4   Next: 37%
Magic:  5/5        EV:  7    Int: 12    God:    Lugonu [**....]
Gold:   108        SH:  0    Dex: 10    Spells: 3/3 levels left

rFire    . . .     SeeInvis +   a - +1 mace
rCold    . . .     Faith    .   (no shield)
rNeg     . . .     Spirit   .   j - +0 scale mail
rPois    .         Reflect  .   (no helmet)
rElec    .         Harm     .   (no cloak)
rCorr    .         Rampage  .   h - +0 pair of gloves
Will     .....                  (no barding)
Stlth    ..........             (no amulet)
HPRegen  0.13/turn              (no ring)
MPRegen  0.09/turn              (no ring)

@: slowed, very slow
A: large, rugged brown scales 3, see invisible, deformed body, roll 1, armoured
tail
a: Rolling Charge, Renounce Religion, Depart the Abyss, Bend Space


You were on level 2 of the Dungeon.
You worshipped Lugonu.
Lugonu was pleased with you.
You visited 1 branch of the dungeon, and saw 2 of its levels.
You visited the Abyss 1 time.

You collected 108 gold pieces.

Inventory:

Hand Weapons
 a - a +1 mace (weapon)
Missiles
 c - 62 stones (quivered)
Armour
 b - a +0 leather armour
 h - a +0 pair of gloves (worn)
 i - a +0 ring mail
 j - a +0 scale mail (worn)
Wands
 n - a wand of flame (17)
Scrolls
 f - a scroll of teleportation {unknown}
 k - 5 scrolls of identify {unknown}
 m - 2 scrolls of amnesia {unknown}
Potions
 d - a potion of brilliance {unknown}
 e - 2 potions of cancellation {unknown}
 g - a potion of attraction {unknown}
 l - a potion of flight {unknown}


   Skills:
 + Level 3.8 Fighting
 * Level 4.0 Maces & Flails
 - Level 1.5 Armour
 - Level 0.7 Dodging
 - Level 2.0 Invocations


You had 3 spell levels left.
You didn't know any spells.
Your spell library was empty.

Dungeon Overview and Level Annotations

Branches:
Dungeon (2/15)

Altars:

Annotations:
D:2 Natasha


Innate Abilities, Weirdness & Mutations

You are completely covered in rugged brown scales. (AC +3, +7% HP)
You have supernaturally acute eyesight. (SInv)
Armour fits poorly on your strangely shaped body.
You can roll at nearby foes to attack.
You have a long armoured tail.


Message History

Natasha claws you but does no damage.
The crimson imp hits you but does no damage.
Natasha mumbles some strange words.
You hit Natasha.
Natasha is severely wounded.
Natasha claws you but does no damage. The crimson imp hits you.
Natasha claws you.
The crimson imp blinks!
The iron imp hits you but does no damage.
You hit Natasha.
Natasha is almost dead.
Natasha stares at you and mumbles some strange words.
The magic dart hits you but does no damage.
Natasha barely misses you. The iron imp barely misses you.
The crimson imp hits you but does no damage.
Natasha casts a spell at you. The magic dart hits you.
You barely miss Natasha.
Natasha is almost dead.
Natasha closely misses you. The crimson imp barely misses you.
The iron imp hits you. Natasha casts a spell at you. The magic dart hits you.
The crimson imp blinks!
The iron imp barely misses you. Natasha casts a spell at you.
The magic dart hits you!
* * * LOW HITPOINT WARNING * * *
You closely miss Natasha.
Natasha is severely wounded.
Natasha claws you.
* * * LOW HITPOINT WARNING * * *
The crimson imp blinks!
Natasha claws you but does no damage. The iron imp hits you.
* * * LOW HITPOINT WARNING * * *
You hit Natasha but do no damage.
Natasha is severely wounded.
Natasha claws you.
* * * LOW HITPOINT WARNING * * *
Natasha stares at you and mumbles some strange words.
The magic dart hits you.
You die...

###.###.#####..## #.######...#..
.##..##....###..####.# #.#(#..
.###.###.............### #.#.#..
.# #...##..............## #.#...#
.# ###.###.......<..##..###......
.# #.# #.........####...###....
.### #.# ##........# ###..##....
.(.###.####....#.### ##.<.....
....##....###..#.# ####....
.##........†#..h.# #####
.####...........@#### ###### .#
####.....#..5...########..>.. .##
####......................
..#########.##.#÷....######.#####
............................#
.......#..####.....#...÷..###
.........##.[..##...#####..######
........###.#####....# #....#...
.......#.....# ##.#.#####...#.##
.....).#.....#####..............#
.......#............#....###....#


You could see an iron imp (summoned) and Natasha (fast).

Vanquished Creatures
  Natasha (D:2)
  An adder (D:2)
  A dart slug (D:1)
  2 endoplasms (D:1)
  2 giant cockroaches
  4 goblins (D:1)
  8 hobgoblins
  8 jackals (D:1)
  4 kobolds (D:1)
  2 quokkas
  2 ball pythons (D:2)
  12 bats
  3 frilled lizards (D:1)
  A rat (D:1)
51 creatures vanquished.

Notes
Turn   | Place    | Note
-------+----------+-------------------------------------------
     0 | Abyss:1  | grimtooth the Palentonga Abyssal Knight began the quest for
                  | the Orb.
     0 | Abyss:1  | Reached XP level 1. HP: 19/19 MP: 2/2
    39 | D:1      | Escaped the Abyss
   131 | D:1      | Reached XP level 2. HP: 22/25 MP: 3/3
   197 | D:1      | Reached skill level 3 in Maces & Flails
   199 | D:1      | Reached ** piety under Lugonu
   270 | D:1      | Reached XP level 3. HP: 30/31 MP: 4/4
  1115 | D:2      | Reached XP level 4. HP: 39/39 MP: 5/5
  1135 | D:2      | Found a faded altar of an unknown god.
  1135 | D:2      | Noticed Natasha
  1138 | D:2      | Killed Natasha
  1139 | D:2      | Reached skill level 4 in Maces & Flails
  1240 | D:2      | Noticed Natasha
  1250 | D:2      | Killed from afar by Natasha

Illustrated notes

Levels and vault maps discovered:
D:1:      nzn_arrival_settlement, layout_basic, minmay_octomino_c4
D:2:      layout_rooms, hellmonk_ecumenical_altar_heavens_door, uniq_natasha

Skill      XL: |  1  2  3  4 |
---------------+-------------+-----
Maces & Flails | 3 4 |  4.0
Fighting       | |  3.8
Armour         | |  1.5
Dodging        | |  0.7
Invocations    | |  2.0

Action                   |  1- 3 |  4- 6 || total
-------------------------+-------+-------++-------
Melee: Mace              |   101 |    16 ||   117
       Tailslap          |     5 |       ||     5
 Abil: Rolling Charge    |    34 |     3 ||    37
Armor: Leather armour    |    33 |       ||    33
       Scale mail        |    15 |    15 ||    30
Dodge: Dodged            |    53 |     6 ||    59
